 Dungeon Sprint DCSS version 0.21.0-24-g2553a33 (webtiles) character file.

98 letownia2 the Ruffian (level 4, 0/63 HPs)
             Began as a Troll Wizard on Jan 20, 2018.
             Slain by a deep elf mage
             ... wielding a +2 long sword of holy wrath
              (11 damage)
             ... in the Dungeon (Sprint III: "The Ten Rune Challenge").
             The game lasted 00:01:36 (360 turns).

letownia2 the Ruffian (Troll Wizard)                 Turns: 360, Time: 00:01:37

Health: 0/63       AC:  5    Str: 20    XL:     4   Next: 43%
Magic:  1/7        EV:  9    Int: 15    God:
Gold:   12         SH:  0    Dex:  8    Spells: 0/9 levels left

rFire    . . .     SeeInvis .     - Unarmed
rCold    . . .     Gourm    +   (no shield)
rNeg     . . .     Faith    .   a - +0 robe
rPois    .         Spirit   .   b - +0 hat
rElec    .         Reflect  .   (no cloak)
rCorr    .         Harm     .   (gloves unavailable)
MR       .....     NoTele   +   (boots unavailable)
Stlth    ..........             (no amulet)
HPRegen  0.60/turn              (no ring)
MPRegen  0.10/turn              (no ring)

@: berserking, very slightly contaminated, very quick
A: large, unfitting armour, claws 3, fast metabolism 3, gourmand, regeneration
1, shaggy fur 1, tough skin 2
a: no special abilities


You were in the Dungeon.
You were not hungry.

You visited 1 branch You collected 12 gold pieces.

Inventory:

Armour
 a - a +0 robe (worn)
 b - a +0 hat (worn)
Scrolls
 j - 2 scrolls of blinking
 k - a scroll of amnesia {unknown}
 l - a scroll of holy word {unknown}
 m - 4 scrolls of remove curse
 o - a scroll of torment {unknown}
 p - a scroll of immolation {unknown}
Potions
 e - a potion of curing
 f - a potion of heal wounds
 g - a potion of haste
 h - 2 potions of magic
 n - 3 potions of flight
 q - a potion of invisibility {unknown}
 r - 4 potions of mutation
Books
 c - a book of Minor Magic

   Spells                             Type                      Level
   a - Magic Dart                     Conjuration                  1
   b - Blink                          Translocation                2
   c - Call Imp                       Summoning                    2
   d - Slow                           Hexes                        2
   e - Conjure Flame                  Conjuration/Fire             3
   f - Mephitic Cloud                 Conjuration/Poison/Air       3
Comestibles
 d - 5 rations


   Skills:
 - Level 2.2 Fighting
 - Level 1.5 Dodging
 - Level 1.0 Stealth
 - Level 4.2 Unarmed Combat
 - Level 3.0 Spellcasting
 + Level 2.1 Conjurations
   Level 0.6 Summonings
 + Level 0.6 Translocations
 + Level 1.9 Fire Magic
 + Level 1.7 Air Magic
 + Level 1.9 Poison Magic


You couldn't memorise any spells.
You knew the following spells:

 Your Spells              Type           Power        Failure   Level  Hunger
a - Magic Dart            Conj           #...         9%          1    #......
b - Blink                 Tloc           N/A          24%         2    ##.....
c - Conjure Flame         Conj/Fire      #.......     26%         3    ###....
e - Mephitic Cloud        Conj/Pois/Air  #.......     26%         3    ###....


Dungeon Overview and Level Annotations

Branches:
Dungeon (1/1)

Altars:
Elyvilon
Zin
The Shining One


Innate Abilities, Weirdness & Mutations

You are too large for most types of armour.
You have claws for hands.
Your metabolism is lightning-fast.
You like to eat raw meat.
Your natural rate of healing is unusually fast.
You are covered in fur. (AC +1)
You have very tough skin. (AC +2)


Message History

The deep elf mage hits you with a long sword of holy wrath.
* * * LOW HITPOINT WARNING * * *
Unknown command.
A red film seems to cover your vision as you go berserk!
You feel yourself moving faster!
You feel mighty!
The deep elf mage hits you with a long sword of holy wrath.
* * * LOW HITPOINT WARNING * * *
Unknown command.
You claw the deep elf mage!
The deep elf mage is moderately wounded.
You miss the deep elf mage.
The deep elf mage is moderately wounded.
The deep elf mage hits you with a long sword of holy wrath.
* * * LOW HITPOINT WARNING * * *
You closely miss the deep elf mage.
The deep elf mage is moderately wounded.
You claw the deep elf mage!
The deep elf mage is severely wounded.
The deep elf mage hits you with a long sword of holy wrath!
You die...

▓▓▓▓▓▓ ▓▓▓ '....♣♣♣
♣.##### #......♣
♣♣.#___# #.....♣♣
♣..#!..#
#....≈♣♣♣♣..###e#+###+##
#...≈≈♣..♣♣.#...@......#
#..≈≈≈≈.♣♣♣.'.⌠........#
#..≈≈≈≈≈≈♣..#...######+#
#.≈≈≈≈≈≈....#.⌠.#
#.≈≈≈≈≈.....#...#
#.≈≈≈.......#+###
#...........#
............#
▓▓▓▓▓▓▓▓▓▓▓▓▓


You could see a deep elf mage.

Vanquished Creatures
  A water elemental (D)
  A human (D)
  A wolf (D)
  An ooze (D)
  3 rats (D)
7 creatures vanquished.

Vanquished Creatures (others)
  2 draconian scorchers (D)
  6 hellions (D)
  A yaktaur (D)
9 creatures vanquished.

Grand Total: 16 creatures vanquished

Notes
Turn   | Place    | Note
-------+----------+-------------------------------------------
     0 | D        | letownia2 the Troll Wizard began the quest for the Orb.
     0 | D        | Reached XP level 1. HP: 16/16 MP: 2/2
     4 | D        | Reached skill level 1 in Unarmed Combat
    10 | D        | Reached skill level 1 in Fighting
    10 | D        | Reached skill level 2 in Unarmed Combat
    47 | D        | Noticed a wolf
    55 | D        | Killed a wolf
    55 | D        | Reached skill level 4 in Unarmed Combat
    55 | D        | Reached XP level 2. HP: 28/28 MP: 4/4
    76 | D        | Reached XP level 3. HP: 14/35 MP: 4/6
    81 | D        | Learned a level 3 spell: Mephitic Cloud
    85 | D        | Learned a level 3 spell: Conjure Flame
    97 | D        | Killed a hellion
   122 | D        | Killed a hellion
   130 | D        | Noticed a water elemental
   132 | D        | Killed a hellion
   134 | D        | Killed a hellion
   134 | D        | Killed a hellion
   156 | D        | Killed a white draconian scorcher
   174 | D        | Killed a yaktaur
   179 | D        | Killed a white draconian scorcher
   226 | D        | Killed a hellion
   284 | D        | Killed a water elemental
   284 | D        | Reached skill level 1 in Fire Magic
   284 | D        | Reached skill level 1 in Air Magic
   284 | D        | Reached skill level 1 in Poison Magic
   284 | D        | Reached XP level 4. HP: 13/42 MP: 0/7
   288 | D        | Learned a level 2 spell: Blink
   349 | D        | Found a glowing silver altar of Zin.
   350 | D        | Found a glowing golden altar of the Shining One.
   350 | D        | Found a white marble altar of Elyvilon.
   351 | D        | Noticed a deep elf mage
   360 | D        | Slain by a deep elf mage

Skill      XL: |  1  2  3 |
---------------+----------+-----
Unarmed Combat | 4 |  4.2
Fighting       | 2 |  2.2
Spellcasting   | 3 |  3.0
Conjurations   | 2 |  2.1
Fire Magic     | 1 |  1.9
Air Magic      | 1 |  1.7
Poison Magic   | 1 |  1.9
Dodging        | |  1.5
Stealth        | |  1.0
Summonings     | |  0.6
Translocations | |  0.6

Action                   |  1- 3 |  4- 6 || total
-------------------------+-------+-------++-------
Melee: Unarmed           |    28 |     6 ||    34
 Cast: Conjure Flame     |     2 |       ||     2
       Mephitic Cloud    |       |     1 ||     1
  Use: Potion            |       |     1 ||     1
 Stab: Sleeping          |     1 |       ||     1
  Eat: Chunk             |     2 |       ||     2
Armor: Robe              |     5 |       ||     5
Dodge: Dodged            |     8 |       ||     8
